 Dungeon Crawl Stone Soup version 0.29-a0-563-g64e4043184 (webtiles) character file.

Game seed: 14300826167398312257

98 ilikecats the Magician (level 4, -3/30 HPs)
             Began as a Mummy Necromancer on June 11, 2022.
             Killed from afar by an orc wizard (8 damage)
             ... with a magic dart
             ... on level 3 of the Dungeon.
             The game lasted 00:09:27 (2956 turns).

ilikecats the Magician (Mummy Necromancer)          Turns: 2956, Time: 00:09:28

Health: -3/30      AC:  2    Str: 11    XL:     4   Next: 43%
Magic:  3/11       EV: 12    Int: 16    God:
Gold:   57         SH:  0    Dex: 12    Spells: 10/14 levels left

rFire   x . .      SeeInvis .   a - +0 dagger
rCold   + + .      Faith    .   (no shield)
rNeg    + + +      Spirit   .   i - +0 robe
rPois   ∞          Reflect  .   (no helmet)
rElec   .          Harm     .   (no cloak)
rCorr   +          Rampage  .   (no gloves)
Will    .....                   (no boots)
Stlth   ++........              n - amulet of regeneration
HPRegen 0.90/turn               d - ring of resist corrosion
MPRegen 0.12/turn               o - ring of protection from cold

@: no status effects
A: cold resistance 1, negative energy resistance 3, torment resistance 2, heat
vulnerability 1, in touch with death 1, no potions
a: no special abilities


You were on level 3 of the Dungeon.
You visited 1 branch of the dungeon, and saw 3 of its levels.

You collected 166 gold pieces.
You spent 109 gold pieces at shops.

Inventory:

Hand Weapons
 a - a +0 dagger (weapon)
Missiles
 c - 3 boomerangs of dispersal
Armour
 i - a +0 robe (worn)
Jewellery
 d - a ring of resist corrosion (left hand)
 n - an amulet of regeneration (around neck)
 o - a ring of protection from cold (right hand)
Scrolls
 b - 2 scrolls of fear
 e - a scroll of poison {unknown}
 f - 2 scrolls of fog
 g - 3 scrolls of enchant armour
 h - a scroll of silence {unknown}
 j - a scroll of blinking {unknown}
 k - a scroll of teleportation {unknown}
 l - a scroll of amnesia {unknown}
 m - 2 scrolls of magic mapping


   Skills:
 - Level 1.5 Dodging
 - Level 1.5 Stealth
 + Level 0.4 Unarmed Combat
 + Level 5.7 Spellcasting
 - Level 4.0 Necromancy


You had 10 spell levels left.
You knew the following spells:

 Your Spells              Type           Power      Damage    Failure   Level
a - Necrotize             Necr           100%       1d9       2%          1
b - Vampiric Draining     Necr           26%        2d7       9%          3

Your spell library contained the following spells:

 Spells                   Type           Power      Damage    Failure   Level
 Sting                    Tmut/Pois      16%        1d3       14%         1
 Poisonous Vapours        Pois/Air       8%         N/A       22%         2
 Animate Dead             Necr           26%        N/A       26%         4
 Agony                    Necr           26%        N/A       58%         5
 Olgreb's Toxic Radiance  Pois           4%         N/A       80%         4


Dungeon Overview and Level Annotations

Branches:
Dungeon (3/15)

Altars:

Shops:
D:2 ?


Innate Abilities, Weirdness & Mutations

You are immune to poison.
Your flesh is cold resistant. (rC+)
You are immune to negative energy. (rN+++)
You are immune to unholy pain and torment.
You are vulnerable to heat. (rF-)
You are in touch with the powers of death.
You do not drink.


Message History

You're too confused to move!
Something hits you but does no damage.
You see here a +0 flail.
You bump into the rock wall.
Something hits you. x2
You bump into the rock wall.
Something hits you.
You're too confused to cast spells.
You bump into the rock wall.
Something hits you. x2
You bump into the rock wall.
You feel less confused. Something hits you. The orc priest closely misses you.
Your magical contamination has completely faded away.
You closely miss the orc priest. Something hits you but does no damage.
The orc priest looks braver for a moment.
Something hits you.
Casting: Vampiric Draining (quite dangerous; 9% risk of failure)
Confirm with . or Enter, or press ? or * to list all spells.
Aiming: Necrotize (safe; 2% risk of failure)
Press: ? - help, Shift-Dir - straight line, f - orc priest
Aim: an orc priest, wielding a +0 dagger and wearing a +0 ring mail (chance to affect: 83%)
You feel a surge of power!
The orc priest writhes in agony.
Something hits you.
The orc priest hits you with a +0 dagger.
Casting: Necrotize (safe; 2% risk of failure)
Confirm with . or Enter, or press ? or * to list all spells.
Aiming: Necrotize (safe; 2% risk of failure)
Press: ? - help, Shift-Dir - straight line, f/p - orc priest
Aim: an orc priest, wielding a +0 dagger and wearing a +0 ring mail (moderately wounded, chance to affect: 83%)
You feel a surge of power!
The orc priest writhes in agony.
Something hits you.
* * * LOW HITPOINT WARNING * * *
The orc priest closely misses you. Something hits you.
* * * LOW HITPOINT WARNING * * *
Casting: Necrotize (safe; 2% risk of failure)
Confirm with . or Enter, or press ? or * to list all spells.
Aiming: Necrotize (safe; 2% risk of failure)
Press: ? - help, Shift-Dir - straight line, f/p - orc priest
Aim: an orc priest, wielding a +0 dagger and wearing a +0 ring mail (heavily wounded, chance to affect: 83%)
You feel a surge of power!
The orc priest writhes in agony.
You hear some strange, mumbled words.
A magic dart appears from out of thin air!
The magic dart hits you!
You die...

..#
#..###.#.###.#..♣♣..♣÷♣..##.
#.#
#................♣♣♣♣♣♣..#.#
#.#
#.######............o.......
#.# #.#
###########..##...### #.#
#.#### #.o...###### ..#
#....# #.##.## ### ####.#
#.##.# #.# ########.##.#
#########.###...@{##.##.#
..............###o......#
...........##.# #.......#
.....#####....###....#.##
###### ####......###.# #
######..†..# #######


You could see an orc priest.

Vanquished Creatures
  An orc wizard (D:3)
  An adder (D:3)
  9 orcs (D:3)
  5 endoplasms (D:1)
  A giant cockroach (D:3)
  2 goblins (D:2)
  3 hobgoblins
  3 quokkas
  5 ball pythons
  7 bats
  2 frilled lizards (D:1)
  3 kobolds
  6 rats
48 creatures vanquished.

Vanquished Creatures (collateral kills)
  An endoplasm (D:1)
  A goblin (D:1)
  2 hobgoblins
4 creatures vanquished.

Vanquished Creatures (others)
  11 plants (D:3)
11 creatures vanquished.

Grand Total: 63 creatures vanquished

Notes
Turn   | Place    | Note
-------+----------+-------------------------------------------
     0 | D:1      | ilikecats the Mummy Necromancer began the quest for the
                  | Orb.
     0 | D:1      | Reached XP level 1. HP: 13/13 MP: 4/4
    85 | D:1      | Reached skill level 3 in Spellcasting
   171 | D:1      | Reached XP level 2. HP: 19/19 MP: 4/6
   453 | D:1      | Reached skill level 4 in Spellcasting
  1113 | D:2      | Gained mutation: You are in touch with the powers of death.
                  | [Mummy growth]
  1113 | D:2      | Reached XP level 3. HP: 24/24 MP: 4/8
  1153 | D:2      | Learned a level 3 spell: Vampiric Draining
  1580 | D:2      | Found Qympuaw's Magic Scroll Emporium.
  1588 | D:2      | Bought a scroll of magic mapping for 38 gold pieces
  1588 | D:2      | Bought a scroll of magic mapping for 38 gold pieces
  1588 | D:2      | Bought a scroll of identify for 22 gold pieces
  1588 | D:2      | Bought a scroll of noise for 11 gold pieces
  2275 | D:3      | Reached skill level 5 in Spellcasting
  2275 | D:3      | Reached XP level 4. HP: 30/30 MP: 7/11
  2663 | D:3      | Found a faded altar of an unknown god.
  2956 | D:3      | Killed from afar by an orc wizard

Illustrated notes

Levels and vault maps discovered:
D:1:      dpeg_arrival_yet_another_circle, layout_rooms
D:2:      layout_loops_ring, serial_shops, shop, minmay_hedge_maze,
          minmay_crystal_room
D:3:      cheibrodos_pilgrimage, layout_loops_ring,
          dilly_ecumenical_altar_fadedgnrine

Skill      XL: |  1  2  3 |
---------------+----------+-----
Spellcasting   | 3 4 5 |  5.7
Dodging        | |  1.5
Stealth        | |  1.5
Unarmed Combat | |  0.4
Necromancy     | |  4.0

Action                   |  1- 3 |  4- 6 || total
-------------------------+-------+-------++-------
Melee: Unarmed           |     6 |       ||     6
       Dagger            |     7 |     1 ||     8
 Cast: Necrotize         |    62 |    28 ||    90
       Vampiric Draining |     1 |       ||     1
  Use: Scroll            |     3 |       ||     3
 Stab: Sleeping          |     1 |       ||     1
Armor: Robe              |     4 |     2 ||     6
Dodge: Dodged            |    10 |     4 ||    14

Table legend: (Time is in decaauts)
 A = Elapsed time spent in this place.
 B = Non-inter-level travel time spent in this place.
 C = Inter-level travel time spent in this place.
 D = Time resting spent in this place.
 E = Time spent auto-exploring this place.
 F = Levels seen in this place.
 G = Mean time per level.
                   A        B        C        D        E       F      G
               +--------+--------+--------+--------+--------+-----+--------+
         Total |   2954 |   2890 |     64 |    976 |   1461 |   3 |  984.7 |
       Dungeon |   2954 |   2890 |     64 |    976 |   1461 |   3 |  984.7 |
               +--------+--------+--------+--------+--------+-----+--------+

Top non-repeatable levels by time:
     D:1: 1078 daAuts
     D:2: 954 daAuts
     D:3: 921 daAuts
